 Dungeon Crawl Stone Soup version 0.31-a0-1591-g515db51633 (webtiles) character file.

Game seed: 427069458425670047

25 BigPumpCobain the Trooper (level 2, -3/27 HPs)
             Began as a Minotaur Fighter on Jan 6, 2024.
             Slain by Terence
             ... wielding a +0 flail
              (8 damage)
             ... on level 2 of the Dungeon.
             The game lasted 00:01:17 (552 turns).

BigPumpCobain the Trooper (Minotaur Fighter)         Turns: 552, Time: 00:01:17

Health: -3/27      AC:  7    Str: 20    XL:     2   Next: 86%
Magic:  1/1        EV:  8    Int:  5    God:
Gold:   4          SH:  9    Dex:  9    Spells: 1/1 levels left

rFire   . . .        a - +0 flail
rCold   . . .        f - +1 kite shield
rNeg    . . .        b - +0 scale mail
rPois   .            (helmet restricted)
rElec   .            (no cloak)
rCorr   .            (no gloves)
SInv    .            (no boots)
Will    .....        (no amulet) Stlth
                     (no ring)
HPRegen 0.24/turn    (no ring)
MPRegen 0.07/turn

%: no passive effects
@: lethally poisoned (-3 -> -11)
A: horns 2, retaliatory headbutt
a: no special abilities


You were on level 2 of the Dungeon.
You visited 1 branch of the dungeon, and saw 2 of its levels.

You collected 4 gold pieces.

Inventory:

Hand Weapons
 a - a +0 flail (weapon)
Armour
 b - a +0 scale mail (worn)
 c - a +0 buckler
 f - a +1 kite shield (worn)
Scrolls
 g - a scroll of teleportation {unknown}
Potions
 d - a potion of might
 e - 3 potions of mutation
 h - 2 potions of magic {unknown}
 j - a potion of curing {unknown}


   Skills:
 + Level 3.9 Fighting
 * Level 3.2 Maces & Flails
 + Level 3.9 Armour
 + Level 3.9 Shields


You had one spell level left.
You didn't know any spells.
Your spell library was empty.

Dungeon Overview and Level Annotations

Branches:
Dungeon (2/15)

Altars:

Annotations:
D:2 Terence


Innate Abilities, Weirdness & Mutations

You have a pair of horns on your head.
You reflexively headbutt those who attack you in melee.


Message History

Terence is lightly wounded.
You feel very sick. Terence hits you with a +0 flail.
The kobold closely misses you.
You completely miss Terence. You headbutt Terence, but do no damage.
Terence is lightly wounded.
You feel sick. You block Terence's attack.
The kobold hits you with a +1 short sword of venom.
You are lethally poisoned!
You are too injured to fight recklessly!
You are too injured to fight recklessly!
You are too injured to fight recklessly!
You are too injured to fight recklessly!
You are too injured to fight recklessly!
You are too injured to fight recklessly!
You are too injured to fight recklessly!
You are too injured to fight recklessly!
You are too injured to fight recklessly!
You are too injured to fight recklessly!
You are too injured to fight recklessly!
You are too injured to fight recklessly!
You are too injured to fight recklessly!
You are too injured to fight recklessly!
You are too injured to fight recklessly!
You are too injured to fight recklessly!
You are too injured to fight recklessly!
You are too injured to fight recklessly!
You are too injured to fight recklessly!
You are too injured to fight recklessly!
You feel very sick. You block Terence's attack.
The kobold throws a stone.
You block the stone.
There is a stone staircase leading up here.
You barely miss Terence.
Terence is lightly wounded.
* * * LOW HITPOINT WARNING * * *
You feel very sick. You block Terence's attack.
The kobold throws a stone.
The stone hits you.
* * * LOW HITPOINT WARNING * * *
Terence hits you with a +0 flail!
You die...
Terence says, "Rest in peace."

P~~≈ ~P~♣≈≈
##+#P.PP~♣
##....P..~~
##.....#...P
##.......#...
#........$...
+....@.......
#.....@...###
##..K....##
##.....##
##.[.## ##+##


You could see Terence and a kobold.

Vanquished Creatures
  2 bats (D:1)
  3 endoplasms (D:1)
  A goblin (D:1)
  3 hobgoblins (D:1)
  2 jackals (D:1)
  4 kobolds (D:1)
  A quokka (D:1)
  3 ball pythons (D:1)
  A frilled lizard (D:1)
  2 rats (D:1)
22 creatures vanquished.

Notes
Turn   | Place    | Note
-------+----------+-------------------------------------------
     0 | D:1      | BigPumpCobain the Minotaur Fighter began the quest for the
                  | Orb.
     0 | D:1      | Reached XP level 1. HP: 19/19 MP: 0/0
    80 | D:1      | Reached XP level 2. HP: 27/27 MP: 1/1
   522 | D:1      | Found a faded altar of an unknown god.
   544 | D:2      | Noticed Terence
   552 | D:2      | Slain by Terence

Illustrated notes

Levels and vault maps discovered:
D:1:      heliophobic_arrival_enchanted_forest, layout_rooms,
          dreamdust_ecumenical_altar_hidden_monk_grotto
D:2:      layout_loops_corners, minivault_27, minmay_gold_behind_fungi,
          kennysheep_cross_bottleneck, grunt_ministairs_11,
          serial_bayou_lagoon_a, uniq_terence

Skill      XL: |  1  2 |
---------------+-------+-----
Maces & Flails | 3 |  3.2
Fighting       | |  3.9
Armour         | |  3.9
Shields        | |  3.9

Action                     || total
---------------------------++-------
  Melee: Flail             ||    61
         Headbutt          ||     4
    Use: Scroll            ||     4
 Armour: Scale mail        ||    58
  Dodge: Dodged            ||    30
  Block: Buckler           ||    16
         Kite shield       ||     5

Table legend: (Time is in decaauts)
 A = Elapsed time spent in this place.
 B = Non-inter-level travel time spent in this place.
 C = Inter-level travel time spent in this place.
 D = Time resting spent in this place.
 E = Time spent auto-exploring this place.
 F = Levels seen in this place.
 G = Mean time per level.
                   A        B        C        D        E       F      G
               +--------+--------+--------+--------+--------+-----+--------+
         Total |    570 |    541 |     29 |      0 |    385 |   2 |  285.0 |
       Dungeon |    570 |    541 |     29 |      0 |    385 |   2 |  285.0 |
               +--------+--------+--------+--------+--------+-----+--------+

Top non-repeatable levels by time:
     D:1: 560 daAuts
     D:2: 9 daAuts
